Map: Heavy Rain LE

Players

NinjaPug

  • Race: Zerg Zerg
  • Spawn Location: 5:00

Zomblaster - Winner!

  • Race: Protoss Protoss
  • Spawn Location: 11:00

VOD

Have the link to the VOD?

Description

Time

  • Played on: April 6, 2018, 8:53 p.m.
  • Length: 20:20
Show
View Real Time Build Order
Export as new Build Order

NinjaPug Zerg 

Build Orders: 3 Hatch before Pool 

Get SALT Encoding   

  12  0:02  Drone  
  13  0:14  Overlord  
  13  0:33  Drone x3  
  16  1:09  Hatchery  
  16  1:10  Drone x3  
  18  1:30  Extractor  
  17  1:42  Drone  
  17  1:43  Drone  
  17  1:44  Hatchery  
  18  1:50  Spawning Pool  
  18  1:53  Drone  
  18  2:14  Drone  
  18  2:15  Drone  
  20  2:32  Drone  
  20  2:33  Drone  
  22  2:39  Zergling x6  
  25  2:50  Baneling Nest  
  24  2:51  Drone  
  25  3:01  Lair  
  25  3:08  Drone x2  
  27  3:14  Overlord  
  27  3:15  Drone  
  28  3:37  Metabolic Boost  
  28  3:43  Extractor  
  28  3:44  Drone x3  
  30  3:49  Drone x3  
  30  3:53  Drone  
  30  3:54  Drone x2  
  36  4:07  Queen x2  
  36  4:08  Queen  
  42  4:34  Overlord x3  
  42  4:49  Pneumatized Carapace  
  42  4:52  Overlord x3, Queen x2  
  46  5:12  Baneling x4  
  46  5:13  Baneling x2  
  46  5:19  Zergling x6  
  46  5:20  Zergling x10  
  54  5:31  Zergling x8  
  54  5:32  Zergling x10  
  63  5:47  Baneling x4  
  63  5:48  Baneling x2  
  63  6:23  Centrifical Hooks  
  43  7:33  Zergling x4  
  43  7:34  Zergling x2  
  43  7:36  Zergling x6  
  49  7:37  Roach Warren  
  49  7:38  Zergling x6  
  49  7:39  Zergling x6  
  54  8:12  Drone x2  
  56  8:13  Hydralisk Den, Drone  
  56  8:14  Drone x3  
  56  8:18  Roach x6  
  71  8:21  Roach x3  
  77  8:46  Overlord x2  
  77  8:48  Spire  
  76  8:58  Ravager x4  
  76  9:00  Baneling x2  
  76  9:01  Baneling x4  
  76  9:02  Baneling  
  80  9:04  Drone x6  
  86  9:17  Overseer  
  86  9:22  Overseer x3  
  86  10:08  Extractor  
  86  10:10  Extractor  
  84  11:13  Mutalisk x5  
  94  11:22  Zerg Flyer Weapons Level 1  
  94  11:26  Mutalisk x3  
  47  14:04  Mutalisk x9  
  47  14:07  Corruptor  
  47  14:08  Corruptor x2  
  71  14:10  Corruptor x3  
  77  14:31  Hydralisk  
  77  14:32  Hydralisk  
  77  14:34  Hydralisk x2  
  85  15:23  Extractor  
  85  15:25  Hatchery  
  85  15:26  Extractor  
  52  16:34  Mutalisk  
  52  16:35  Mutalisk x2  
  52  16:38  Mutalisk  
  52  16:39  Mutalisk x2  
  64  16:53  Drone  
  64  16:54  Drone  
  66  17:03  Mutalisk x3  
  66  17:05  Mutalisk x2  
  66  17:08  Mutalisk x2  
  80  18:03  Queen  
  82  18:39  Queen  
  64  19:08  Corruptor x6  
  76  19:13  Overlord x6  
  76  19:15  Mutalisk  
  76  19:16  Mutalisk x4  
  76  19:17  Mutalisk  
  88  19:38  Infestation Pit  
  88  19:39  Mutalisk  
  88  19:41  Mutalisk  
Show
View Real Time Build Order
Export as new Build Order

Zomblaster Protoss - Winner!

Build Orders:  

Get SALT Encoding   

  12  0:02  Probe  
  13  0:14  Probe  
  14  0:27  Probe, Pylon  
  15  0:32  Pylon  
  15  0:45  Probe  
  15  0:49  Assimilator  
  16  0:57  Probe  
  16  0:58  Pylon  
  17  1:10  Pylon  
  17  1:13  Probe  
  18  1:25  Probe  
  19  1:28  Pylon  
  19  1:37  Gateway, Probe  
  20  1:42  Gateway  
  20  1:52  Gateway  
  20  2:02  Forge  
  20  2:15  Assimilator  
  20  2:25  Zealot  
  22  2:30  Zealot  
  24  2:40  Photon Cannon  
  24  2:48  Pylon  
  24  2:53  Pylon  
  24  2:59  Pylon  
  24  3:02  Zealot x2  
  28  3:14  Cybernetics Core  
  28  3:22  Photon Cannon  
  28  3:29  Probe  
  29  3:41  Probe  
  29  3:46  Pylon  
  30  3:53  Probe, Pylon  
  30  3:55  Stalker  
  33  4:22  Nexus  
  33  4:30  Pylon  
  33  4:34  Pylon  
  33  4:41  Probe  
  34  5:05  Twilight Council  
  34  5:13  Photon Cannon  
  34  5:16  Photon Cannon  
  34  5:21  Shield Battery  
  34  5:30  Stalker x2  
  34  5:34  Warp Gate  
  38  5:48  Pylon  
  38  5:53  Pylon  
  38  6:05  Robotics Facility  
  38  6:18  Robotics Facility  
  38  6:26  Templar Archives  
  38  6:30  Dark Shrine  
  38  6:34  Probe  
  39  6:46  Probe  
  40  6:58  Probe  
  40  7:00  Zealot x2  
  37  7:03  Zealot  
  30  7:42  Zealot x2  
  30  7:43  Zealot  
  36  7:56  Photon Cannon  
  36  8:04  Stalker x3  
  42  8:14  Stargate  
  42  8:20  Stargate  
  42  8:32  Dark Templar  
  42  8:33  Dark Templar  
  42  8:34  Dark Templar  
  48  8:41  Probe  
  49  9:13  Oracle  
  49  9:16  Immortal  
  56  9:25  Zealot x2  
  60  10:25  Probe  
  61  10:56  Nexus  
  61  11:22  Fleet Beacon  
  61  11:28  Assimilator  
  61  11:32  Assimilator  
  61  11:34  Probe  
  62  11:44  Pylon  
  62  11:46  Probe  
  63  11:50  Pylon  
  63  11:58  Probe  
  64  12:11  Probe  
  65  12:23  Probe  
  63  12:37  Photon Cannon  
  63  12:41  Assimilator  
  63  12:46  Assimilator  
  63  12:50  Photon Cannon  
  63  12:53  Photon Cannon  
  63  12:57  Probe  
  64  13:07  Stalker x3  
  64  13:09  Probe  
  51  13:21  Probe  
  51  13:25  Immortal x2  
  52  13:27  Carrier x2  
  52  13:31  Zealot x3  
  52  13:33  Probe  
  61  13:45  Probe  
  60  13:54  Stalker x3  
  66  14:15  Probe  
  67  14:18  Mothership  
  75  14:33  Probe  
  76  14:40  Photon Cannon  
  76  14:45  Probe  
  76  14:46  Zealot  
  76  14:47  Zealot x2  
  89  15:08  Stargate  
  89  15:13  Graviton Catapult  
  89  15:14  Carrier  
  89  15:27  Stalker x3  
  93  16:09  Carrier  
  79  16:19  Stalker x2  
  79  16:20  Stalker  
  75  17:01  Probe  
  76  17:13  Probe x2  
  78  17:25  Probe  
  78  17:26  Probe  
  78  17:27  Zealot  
  78  17:28  Zealot x2  
  86  17:38  Probe  
  87  17:47  Mothership  
  84  18:07  Stalker x3  
  84  18:45  Stalker x3  
  86  19:31  Zealot  
  86  19:32  Zealot x2  
Tags
 
Add a new tag
Caveats
  • Supply blocks, unpowered buildings, or Contaminate may cause inaccurate times.
  • Supply counts are checked every 10 seconds.